 Dungeon Crawl Stone Soup version 0.26.1 (webtiles) character file.

Game seed: 7273499145825825966

479 Gadfly the Chopper (level 6, -4/48 HPs)
             Began as a Demonspawn Berserker on Feb 4, 2021.
             Was a Priest of Trog.
             Killed from afar by an orc wizard (10 damage)
             ... with a puff of frost
             ... on level 4 of the Dungeon.
             The game lasted 00:08:42 (2603 turns).

Gadfly the Chopper (Demonspawn Berserker)           Turns: 2603, Time: 00:08:42

Health: -4/48      AC: 14    Str: 20    XL:     6   Next: 86%
Magic:  6/6        EV:  8    Int:  8    God:    Trog [***...]
Gold:   166        SH:  0    Dex: 18    Spells: 5/5 levels left

rFire    . . .     SeeInvis .   a - +0 hand axe
rCold    . . .     Faith    .   (no shield)
rNeg     . . .     Spirit   .   o - +0 chain mail
rPois    .         Reflect  .   q - +0 hat
rElec    .         Harm     .   c - +0 cloak
rCorr    .         Rampage  .   (no gloves)
Will     .....                  e - +1 pair of boots (curse)
Stlth    ..........             (no amulet)
HPRegen  0.16/turn              f - +6 ring of dexterity
MPRegen  0.10/turn              (no ring)

@: about to teleport, attractive, flying
A: thin metallic scales 1, demonic guardian 1, miasma immunity
a: Renounce Religion, Berserk, Trog's Hand


You were on level 4 of the Dungeon.
You worshipped Trog.
Trog was most pleased with you.
You visited 1 branch of the dungeon, and saw 4 of its levels.

You collected 166 gold pieces.

Inventory:

Hand Weapons
 a - a +0 hand axe (weapon)
 b - a +3 flail of protection
Armour
 c - a +0 cloak (worn)
 e - a cursed +1 pair of boots (worn)
 o - a +0 chain mail (worn)
 q - a +0 hat (worn)
Jewellery
 f - a +6 ring of dexterity (left hand)
Wands
 d - a wand of random effects (18) (quivered)
 p - a wand of acid (5)
 t - a wand of enslavement (4)
Scrolls
 g - a scroll of teleportation
 h - 2 scrolls of fog
 i - 2 scrolls of blinking
 j - a scroll of magic mapping
 k - a scroll of remove curse
Potions
 l - a potion of curing
 m - a potion of resistance
 n - 2 potions of lignification {unknown}
 s - 2 potions of attraction
 u - a potion of ambrosia {unknown}


   Skills:
 + Level 3.9 Fighting
 * Level 4.4 Axes
 * Level 3.8 Armour
 - Level 1.7 Dodging
 * Level 3.7 Evocations


You had 5 spell levels left.
You didn't know any spells.
Your spell library was empty.

Dungeon Overview and Level Annotations

Branches:
Dungeon (4/15)
 Temple: D:4-7

Altars:
Okawaru


Innate Abilities, Weirdness & Mutations

You are partially covered in thin metallic scales. (AC +2)
A weak demonic guardian rushes to your aid.
You are immune to miasma.


Message History

The orc wizard hits you but does no damage.
The orc wizard hits you but does no damage.
The quokka skeleton bites your iron imp but does no damage.
The orc wizard closely misses you.
It was a potion of attraction.
You feel attractive to monsters.
The orc wizard hits you but does no damage.
Your iron imp hits the orc wizard but does no damage.
It was a potion of flight.
You feel very buoyant.
You fly up into the air.
Your iron imp misses the orc wizard.
The orc wizard barely misses you.
Your shadow imp hits the orc but does no damage.
The orc is pulled toward you!
As you read the scroll of teleportation, it crumbles to dust.
You feel strangely unstable. The orc hits you.
* * * LOW HITPOINT WARNING * * *
The orc wizard gestures at you while chanting.
The puff of frost hits you!
You die...

....[##)##..ow...... ...
.#...##.####......###... .
.#...#8.8#...........# ..
..<..##.##...#5o....$##.#.
#..####.##................ ..#
#8.8########Z5...## ## ##.##
##(...# ##.## ##o5#### #8.8#
#@o## #####.
##.##############.....
#8##8##.##8##8##8##....#####
.......(..........'..#.....##
#8##8##.##8##8##8##......)..##
# #.###########>.........#
8.8#.#.................#
##.##...................####
#.####.....................


You could see an orc wizard (fast), an orc, a friendly iron imp (summoned) and a
friendly shadow imp (summoned).

Vanquished Creatures
  Edmund (D:4)
  An ogre (D:4)
  An orc priest (D:4)
  Ijyb (D:2)
  Terence (D:1)
  2 adders
  An adder skeleton (D:4)
  3 worms
  3 dart slugs
  A leopard gecko (D:3)
  An orc (D:3)
  6 bats
  2 giant cockroaches
  13 goblins
  5 hobgoblins
  4 jackals (D:2)
  11 kobolds
  A quokka (D:4)
  A ball python (D:1)
  3 frilled lizards
  7 rats
69 creatures vanquished.

Vanquished Creatures (collateral kills)
  Grinder (D:3)
  An orc wizard (D:3)
  4 orcs (D:3)
  2 goblins (D:3)
8 creatures vanquished.

Grand Total: 77 creatures vanquished

Notes
Turn   | Place    | Note
-------+----------+-------------------------------------------
     0 | D:1      | Gadfly the Demonspawn Berserker began the quest for the
                  | Orb.
     0 | D:1      | Reached XP level 1. HP: 18/18 MP: 1/1
   219 | D:1      | Gained mutation: You are immune to miasma. [demonic
                  | ancestry]
   219 | D:1      | Reached XP level 2. HP: 24/24 MP: 2/2
   220 | D:1      | Reached skill level 1 in Evocations
   653 | D:2      | Noticed Terence
   662 | D:1      | Killed Terence
   663 | D:1      | Reached skill level 3 in Axes
   663 | D:1      | Gained mutation: A weak demonic guardian rushes to your
                  | aid. [demonic ancestry]
   663 | D:1      | Reached XP level 3. HP: 29/29 MP: 3/3
   855 | D:2      | Noticed Ijyb
   871 | D:2      | Reached ** piety under Trog
   872 | D:2      | Gained mutation: You are partially covered in thin metallic
                  | scales. (AC +2) [demonic ancestry]
   872 | D:2      | Reached XP level 4. HP: 24/35 MP: 4/4
   880 | D:2      | Killed Ijyb
  1438 | D:2      | Found an iron altar of Okawaru.
  1729 | D:3      | Reached XP level 5. HP: 38/41 MP: 5/5
  1853 | D:3      | Noticed Grinder
  1866 | D:3      | Paralysed by Grinder for 5 turns
  1885 | D:3      | Killed Grinder
  1886 | D:3      | Reached skill level 4 in Axes
  1886 | D:3      | Reached XP level 6. HP: 27/48 MP: 6/6
  1902 | D:3      | Reached *** piety under Trog
  2522 | D:4      | Noticed Edmund
  2544 | D:4      | Killed Edmund
  2603 | D:4      | Killed from afar by an orc wizard

Illustrated notes

Levels and vault maps discovered:
D:1:      scummos_arrival_simple_fountains, layout_loops_ring
D:2:      kennysheep_the_goblin_king, layout_rooms, marbit_many_paths,
          serial_aquarium, aquarium_bridge_straight [aquarium_subvault_bridge,
          aquarium_subvault_wall, aquarium_subvault_bridge,
          aquarium_subvault_wall], aquarium_window_1,
          aquarium_window_corridor_3, aquarium_window_fake,
          aquarium_window_fake, aquarium_view_2c, aquarium_view_2g,
          aquarium_pool_split, uniq_terence
D:3:      layout_rooms, uniq_grinder
D:4:      layout_rooms, old_standard_altar, minmay_temple_entry_arrows,
          dk_noncrumbling_2, minmay_joined_circles, uniq_edmund, uniq_pikel,
          uniq_blork_the_orc, uniq_eustachio

Skill      XL: |  1  2  3  4  5 |
---------------+----------------+-----
Armour         | 2 3 |  3.8
Evocations     | 1 2 3 |  3.7
Axes           | 3 4 |  4.4
Fighting       | |  3.9
Dodging        | |  1.7

Action                   |  1- 3 |  4- 6 || total
-------------------------+-------+-------++-------
Melee: Hand axe          |    89 |   190 ||   279
Invok: Berserk           |     3 |       ||     3
Evoke: Wand              |       |     1 ||     1
  Use: Scroll            |     3 |     7 ||    10
       Potion            |       |     5 ||     5
 Stab: Distracted        |       |     1 ||     1
Armor: Scale mail        |    44 |    71 ||   115
       Animal skin       |     1 |       ||     1
       Chain mail        |       |    49 ||    49
Dodge: Dodged            |    54 |   116 ||   170
